 Dungeon Crawl Stone Soup version 0.21.0-3-g78d12a8 (webtiles) character file.

6039 tidbits the Magician (level 10, 4/74 HPs)
             Began as a Gnoll Air Elementalist on Jan 11, 2018.
             Was a Believer of Cheibriados.
             Quit the game on level 10 of the Dungeon.
             The game lasted 00:36:35 (3002 turns).

tidbits the Magician (Gnoll Air Elementalist)       Turns: 3002, Time: 00:36:35

Health: 4/74       AC:  8    Str: 15    XL:     10   Next: 86%
Magic:  21/21      EV: 16    Int: 21    God:    Cheibriados [**....]
Gold:   282        SH:  6    Dex: 20    Spells: 14/24 levels left

rFire    . . .     SeeInvis .   g - +7 Screaming Sword
rCold    . . .     Gourm    .   D - +0 buckler
rNeg     . . .     Faith    .   B - +0 ring mail
rPois    +         Spirit   .   (helmet restricted)
rElec    .         Reflect  .   C - +0 cloak
rCorr    .         Harm     .   G - +0 pair of gloves
MR       .....                  (no boots)
Stlth    +++.......             (no amulet)
HPRegen  0.22/turn              q - -3 ring of intelligence
MPRegen  0.17/turn              (no ring)

@: very slow
A: distributed training, fangs 1, horns 1, poison resistance, strong nose
a: Bend Time, Renounce Religion


You were on level 10 of the Dungeon.
You worshipped Cheibriados.
Cheibriados was pleased with you.
You were not hungry.

You visited 2 branches of the dungeon, and saw 11 of its levels.

You collected 282 gold pieces.

Inventory:

Hand Weapons
 a - a +0 short sword of freezing
   (You took it off Terence on level 2 of the Dungeon)
 b - the +7 whip "Veolor" {drain, Dex+3}
   (You found it on level 7 of the Dungeon)

   A truly terrible weapon, it drains the life of those it strikes.
   It affects your dexterity (+3).
 d - a +0 dagger
 g - the +7 Screaming Sword (weapon)
   (You found it on level 9 of the Dungeon)
 j - a +0 short sword of piercing
   (You took it off a kobold on level 1 of the Dungeon)
Missiles
 p - 37 arrows
 w - 2 javelins (quivered)
 x - 26 stones
Armour
 h - a +0 robe
 B - a +0 ring mail (worn)
 C - a +0 cloak (worn)
 D - a +0 buckler (worn)
 E - a +0 helmet
 G - a +0 pair of gloves (worn)
Jewellery
 q - a -3 ring of intelligence (left hand)
   (You found it on level 2 of the Dungeon)
Wands
 i - a wand of polymorph (20)
Scrolls
 l - a scroll of magic mapping
 o - a scroll of amnesia
 r - 3 scrolls of remove curse
 t - a scroll of fog {unknown}
Potions
 e - a potion of curing
 f - a potion of lignification
 m - 4 potions of brilliance
 s - a potion of magic
 v - 2 potions of haste
Books
 n - a book of Air

   Spells                             Type                      Level
   a - Shock                          Conjuration/Air              1
   b - Swiftness                      Charms/Air                   2
   c - Static Discharge               Conjuration/Air              3
   d - Airstrike                      Air                          4
   e - Lightning Bolt                 Conjuration/Air              5
Comestibles
 c - 12 rations


   Skills:
 + Level 5.5 Fighting
 + Level 5.5 Short Blades
 + Level 5.5 Long Blades
 + Level 5.5 Axes
 + Level 5.5 Maces & Flails
 + Level 5.5 Polearms
 + Level 5.5 Staves
 + Level 5.5 Slings
 + Level 5.5 Bows
 + Level 5.5 Crossbows
 + Level 5.5 Throwing
 + Level 5.5 Armour
 + Level 7.3 Dodging
 + Level 7.0 Stealth
 + Level 5.5 Shields
 + Level 5.5 Unarmed Combat
 + Level 7.6 Spellcasting
 + Level 5.1 Conjurations
 + Level 4.6 Hexes
 + Level 4.6 Charms
 + Level 4.6 Summonings
 + Level 4.6 Necromancy
 + Level 4.6 Translocations
 + Level 4.6 Transmutations
 + Level 4.6 Fire Magic
 + Level 4.6 Ice Magic
 + Level 7.2 Air Magic
 + Level 4.6 Earth Magic
 + Level 4.6 Poison Magic
 + Level 6.1 Invocations
 + Level 5.5 Evocations


You had 14 spell levels left.
You knew the following spells:

 Your Spells              Type           Power        Failure   Level  Hunger
a - Shock                 Conj/Air       ####         1%          1    None
d - Static Discharge      Conj/Air       ####....     3%          3    None
i - Airstrike             Air            #####.....   8%          4    ###....
W - Swiftness             Chrm/Air       ####....     1%          2    None


Dungeon Overview and Level Annotations

Branches:
Dungeon (10/15)            Temple (1/1) D:4
   Lair: D:8-11         Orc: D:9-12

Altars:
Ashenzari
Cheibriados
Dithmenos
Gozag
Makhleb
Qazlal
Sif Muna
Trog
Uskayaw
Vehumet
Zin
The Shining One

Annotations:
D:3 Jessica
D:4 Robin
D:8 Joseph
D:10 exclusion: sky beast


Innate Abilities, Weirdness & Mutations

Your experience applies equally to all skills.
You have very sharp teeth.
Your uncanny sense of smell can sniff out nearby items.
You have a pair of small horns on your head.
Your system is resistant to poisons. (rPois)


Message History

The centaur warrior zombie hits you.
You slash the centaur warrior zombie!
The centaur warrior zombie is severely damaged.
The centaur warrior zombie hits you.
* * * LOW HITPOINT WARNING * * *
You block the centaur warrior zombie's attack.
You slash the centaur warrior zombie!
The centaur warrior zombie is almost destroyed.
The centaur warrior zombie misses you.
You riposte.
You hit the centaur warrior zombie.
You headbutt the centaur warrior zombie.
The centaur warrior zombie is almost destroyed.
You hit the centaur warrior zombie.
You destroy the centaur warrior zombie!
Cheibriados thoroughly appreciates the change of pace.
Your Stealth skill increases to level 7!
You slash the scorpion!
You bite the scorpion, but do no damage.
The scorpion is heavily wounded.
The scorpion stings you but does no damage.
You slash the scorpion!
The scorpion is almost dead.
The Singing Sword chimes melodiously.
The scorpion stings you but does no damage.
You closely miss the scorpion.
The scorpion is almost dead.
The scorpion stings you!
* * * LOW HITPOINT WARNING * * *
The scorpion barely misses you.
You riposte.
You barely miss the scorpion.
You headbutt the scorpion, but do no damage.
The scorpion is almost dead.
You barely miss the scorpion.
The scorpion is almost dead.
The scorpion stings you but does no damage.
You hit the scorpion.
You kill the scorpion!
Cheibriados appreciates the change of pace.
You see here 2 potions of brilliance.
m - 4 potions of brilliance (gained 2)
Okay, then.
An ice beast comes into view.
Found 6 gold pieces.
Unknown command.
Unknown command.
The sky beast flickers out of sight!
Found 11 stones.
Unknown command.
A killer bee comes into view.
You slash something!
The killer bee moves out of view.
Something hits you.
* * * LOW HITPOINT WARNING * * *
Something shocks you.
* * * LOW HITPOINT WARNING * * *
Something hits you but does no damage.
Okay, then.
Unknown command.
You slash something!
Cheibriados appreciates the change of pace.
You feel a bit more experienced.
The Screaming Sword wails mournfully.
You hear an angry buzzing noise. x4; You hear a shout!
You hear an angry buzzing noise.
Unknown command.
You hit the killer bee.
The killer bee is lightly wounded.
The killer bee completely misses you. The killer bee barely misses you.
The killer bee stings you.
* * * LOW HITPOINT WARNING * * *
You miss the killer bee.
The killer bee is lightly wounded.
The killer bee barely misses you.
The killer bee stings you but does no damage.
You hit the killer bee. Your headbutt misses the killer bee.
The killer bee is lightly wounded.
The killer bee stings you.
* * * LOW HITPOINT WARNING * * *
The killer bee misses you.
You riposte.
You hit the killer bee.
You bite the killer bee, but do no damage.
The killer bee is heavily wounded.
The killer bee misses you.
You closely miss the killer bee.
The killer bee is heavily wounded.
The killer bee barely misses you. The killer bee closely misses you.
The killer bee stings you.
* * * LOW HITPOINT WARNING * * *
A wight comes into view. It is wielding an enchanted trident.
You slice the killer bee!!
You kill the killer bee!
Cheibriados thoroughly appreciates the change of pace.
Something hits you.
* * * LOW HITPOINT WARNING * * *
The Screaming Sword composes a hymn praising Cheibriados the Contemplative.
You hear an angry buzzing noise. x4; You hear a howl!
Something hits you!
* * * LOW HITPOINT WARNING * * *
The wight hits you from afar with an enchanted trident.
* * * LOW HITPOINT WARNING * * *
Okay, then.
Okay, then.
Are you sure you want to abandon this character and quit the game? (Confirm with "yes".)

... #.# ∆ #.# #... ..
...# #... #... #.#.∆.#.#
#... #y.y (..# ∆ #... #
#.#.$.#.# # #...
#...##.##...# ∆#...
#.#z....#.########... ...
#..###..##..........
....##.@#..##...........
∆.....###.###...........<
..........).............
.......................>
........................
........................
........................
........................
..............########..


You could see a killer bee and a wight.

Vanquished Creatures
  3 two-headed ogres
  Maurice (D:8)
  A centaur zombie (D:10)
  The ghost of Aviak the Skirmisher, an amateur CeWz (D:3)
  A hippogriff (D:10)
  A wyvern (D:10)
  A yak (D:10)
  A hungry ghost (D:10)
  Menkaure (D:4)
  2 ice beasts
  2 sky beasts (D:10)
  A wolf (D:9)
  7 ogres
  2 centaurs
  A bullfrog (D:9)
  A wyvern skeleton (D:9)
  2 scorpions
  6 killer bees
  4 howler monkeys
  A bullfrog zombie (D:10)
  3 crimson imps
  2 hounds
  4 orc priests
  A bullfrog skeleton (D:9)
  A centaur skeleton (D:4)
  Terence (D:2)
  4 iguanas
  2 worker ants
  A killer bee zombie (D:8)
  A hound skeleton (D:8)
  A howler monkey skeleton (D:5)
  3 adders
  A hound simulacrum (D:9)
  2 white imps (D:9)
  An ufetubus (D:9)
  An ooze (D:2)
  3 adder skeletons
  An adder zombie (D:5)
  A worm (D:3)
  A dart slug (D:1)
  An adder simulacrum (D:9)
  A leopard gecko (D:7)
  9 orcs
  A ball python (D:7)
  6 bats
  2 giant cockroaches
  10 goblins
  4 hobgoblins
  10 jackals
  3 kobolds
  A quokka (D:4)
  2 frilled lizards
  A quokka simulacrum (D:9)
  5 rats
131 creatures vanquished.

Notes
Turn   | Place    | Note
-------+----------+-------------------------------------------
     0 | D:1      | tidbits the Gnoll Air Elementalist began the quest for the Orb.
     0 | D:1      | Reached XP level 1. HP: 13/13 MP: 6/6
    27 | D:1      | Reached skill level 2 in Conjurations
    81 | D:1      | Reached XP level 2. HP: 16/19 MP: 3/7
    85 | D:1      | Learned a level 2 spell: Swiftness
   311 | D:2      | Noticed Terence
   318 | D:2      | Reached XP level 3. HP: 25/25 MP: 5/9
   327 | D:2      | Learned a level 3 spell: Static Discharge
   347 | D:2      | Reached skill level 5 in Spellcasting
   390 | D:2      | Killed Terence
   390 | D:2      | Reached skill level 1 in Invocations
   398 | D:2      | Reached skill level 1 in Fighting
   398 | D:2      | Reached skill level 1 in Short Blades
   398 | D:2      | Reached skill level 1 in Long Blades
   398 | D:2      | Reached skill level 1 in Axes
   398 | D:2      | Reached skill level 1 in Maces & Flails
   398 | D:2      | Reached skill level 1 in Polearms
   398 | D:2      | Reached skill level 1 in Staves
   398 | D:2      | Reached skill level 1 in Slings
   398 | D:2      | Reached skill level 1 in Bows
   398 | D:2      | Reached skill level 1 in Crossbows
   398 | D:2      | Reached skill level 1 in Throwing
   398 | D:2      | Reached skill level 1 in Armour
   398 | D:2      | Reached skill level 1 in Shields
   398 | D:2      | Reached skill level 1 in Unarmed Combat
   398 | D:2      | Reached skill level 1 in Evocations
   415 | D:2      | Found a radiant altar of Vehumet.
   507 | D:2      | Reached XP level 4. HP: 31/32 MP: 8/11
   712 | D:3      | Noticed Aviak's ghost (amateur CeWz)
   731 | D:3      | Killed Aviak's ghost
   731 | D:3      | Reached skill level 1 in Hexes
   731 | D:3      | Reached skill level 1 in Charms
   731 | D:3      | Reached skill level 1 in Summonings
   731 | D:3      | Reached skill level 1 in Necromancy
   731 | D:3      | Reached skill level 1 in Translocations
   731 | D:3      | Reached skill level 1 in Transmutations
   731 | D:3      | Reached skill level 1 in Fire Magic
   731 | D:3      | Reached skill level 1 in Ice Magic
   731 | D:3      | Reached skill level 1 in Earth Magic
   731 | D:3      | Reached skill level 1 in Poison Magic
   731 | D:3      | Reached skill level 2 in Invocations
   731 | D:3      | Reached XP level 5. HP: 17/38 MP: 1/12
   731 | D:3      | Reached XP level 6. HP: 20/44 MP: 1/13
   738 | D:3      | Learned a level 4 spell: Airstrike
   754 | D:3      | Noticed Jessica
   787 | D:3      | You fall through a shaft for 3 floors!
   831 | D:6      | Noticed a sky beast
   835 | D:6      | Reached skill level 5 in Dodging
   916 | D:5      | Entered Level 5 of the Dungeon
   917 | D:5      | Noticed an ice beast
   963 | D:4      | Noticed Robin
  1010 | D:4      | Reached skill level 2 in Fighting
  1010 | D:4      | Reached skill level 2 in Short Blades
  1010 | D:4      | Reached skill level 2 in Long Blades
  1010 | D:4      | Reached skill level 2 in Axes
  1010 | D:4      | Reached skill level 2 in Maces & Flails
  1010 | D:4      | Reached skill level 2 in Polearms
  1010 | D:4      | Reached skill level 2 in Staves
  1010 | D:4      | Reached skill level 2 in Slings
  1010 | D:4      | Reached skill level 2 in Bows
  1010 | D:4      | Reached skill level 2 in Crossbows
  1010 | D:4      | Reached skill level 2 in Throwing
  1010 | D:4      | Reached skill level 2 in Armour
  1010 | D:4      | Reached skill level 2 in Shields
  1010 | D:4      | Reached skill level 2 in Unarmed Combat
  1010 | D:4      | Reached skill level 2 in Evocations
  1025 | D:4      | Found a staircase to the Ecumenical Temple.
  1030 | Temple   | Entered the Ecumenical Temple
  1037 | Temple   | Became a worshipper of Cheibriados the Contemplative
  1125 | D:4      | Reached XP level 7. HP: 31/50 MP: 10/15
  1309 | D:3      | Noticed a moth of wrath
  1312 | D:3      | Found a bloodstained altar of Trog.
  1368 | D:4      | Noticed Menkaure
  1371 | D:4      | Killed Menkaure
  1371 | D:4      | Reached skill level 3 in Conjurations
  1371 | D:4      | Reached skill level 2 in Hexes
  1371 | D:4      | Reached skill level 2 in Charms
  1371 | D:4      | Reached skill level 2 in Summonings
  1371 | D:4      | Reached skill level 2 in Necromancy
  1371 | D:4      | Reached skill level 2 in Translocations
  1371 | D:4      | Reached skill level 2 in Transmutations
  1371 | D:4      | Reached skill level 2 in Fire Magic
  1371 | D:4      | Reached skill level 2 in Ice Magic
  1371 | D:4      | Reached skill level 2 in Earth Magic
  1371 | D:4      | Reached skill level 2 in Poison Magic
  1390 | D:4      | Reached skill level 5 in Stealth
  1400 | D:4      | Reached skill level 3 in Invocations
  1534 | D:7      | Reached * piety under Cheibriados
  1534 | D:7      | Reached XP level 8. HP: 57/57 MP: 16/16
  1536 | D:7      | Found a burning altar of Makhleb.
  1549 | D:7      | Got a sapphire whip
  1583 | D:8      | Identified the +7 whip "Veolor" {drain, Dex+3} (You found it on level 7 of the Dungeon)
  1612 | D:8      | Reached skill level 6 in Air Magic
  1681 | D:8      | Reached skill level 3 in Fighting
  1681 | D:8      | Reached skill level 3 in Short Blades
  1681 | D:8      | Reached skill level 3 in Long Blades
  1681 | D:8      | Reached skill level 3 in Axes
  1681 | D:8      | Reached skill level 3 in Maces & Flails
  1681 | D:8      | Reached skill level 3 in Polearms
  1681 | D:8      | Reached skill level 3 in Staves
  1681 | D:8      | Reached skill level 3 in Slings
  1681 | D:8      | Reached skill level 3 in Bows
  1681 | D:8      | Reached skill level 3 in Crossbows
  1681 | D:8      | Reached skill level 3 in Throwing
  1681 | D:8      | Reached skill level 3 in Armour
  1681 | D:8      | Reached skill level 3 in Shields
  1681 | D:8      | Reached skill level 3 in Unarmed Combat
  1681 | D:8      | Reached skill level 3 in Evocations
  1758 | D:9      | Reached skill level 6 in Spellcasting
  1931 | D:8      | Noticed Joseph
  2047 | D:7      | Found a glowing silver altar of Zin.
  2082 | D:7      | Found a glowing golden altar of the Shining One.
  2087 | D:7      | Reached skill level 3 in Hexes
  2087 | D:7      | Reached skill level 3 in Charms
  2087 | D:7      | Reached skill level 3 in Summonings
  2087 | D:7      | Reached skill level 3 in Necromancy
  2087 | D:7      | Reached skill level 3 in Translocations
  2087 | D:7      | Reached skill level 3 in Transmutations
  2087 | D:7      | Reached skill level 3 in Fire Magic
  2087 | D:7      | Reached skill level 3 in Ice Magic
  2087 | D:7      | Reached skill level 3 in Earth Magic
  2087 | D:7      | Reached skill level 3 in Poison Magic
  2087 | D:7      | Reached skill level 4 in Invocations
  2136 | D:7      | Reached skill level 6 in Dodging
  2136 | D:7      | Reached XP level 9. HP: 37/65 MP: 14/18
  2218 | D:8      | Noticed Maurice
  2229 | D:8      | Killed Maurice
  2229 | D:8      | Reached skill level 4 in Fighting
  2229 | D:8      | Reached skill level 4 in Short Blades
  2229 | D:8      | Reached skill level 4 in Long Blades
  2229 | D:8      | Reached skill level 4 in Axes
  2229 | D:8      | Reached skill level 4 in Maces & Flails
  2229 | D:8      | Reached skill level 4 in Polearms
  2229 | D:8      | Reached skill level 4 in Staves
  2229 | D:8      | Reached skill level 4 in Slings
  2229 | D:8      | Reached skill level 4 in Bows
  2229 | D:8      | Reached skill level 4 in Crossbows
  2229 | D:8      | Reached skill level 4 in Throwing
  2229 | D:8      | Reached skill level 4 in Armour
  2229 | D:8      | Reached skill level 4 in Shields
  2229 | D:8      | Reached skill level 4 in Unarmed Combat
  2229 | D:8      | Reached skill level 4 in Conjurations
  2229 | D:8      | Reached skill level 4 in Evocations
  2342 | D:9      | Noticed a two-headed ogre
  2361 | D:9      | Killed a two-headed ogre
  2361 | D:9      | Reached skill level 6 in Stealth
  2384 | D:9      | Gained mutation: Your spells are a little easier to cast, but a little less powerful. [potion of mutation]
  2384 | D:9      | Gained mutation: You are robust. (+10% HP) [potion of mutation]
  2385 | D:9      | Lost mutation: You are robust. (+10% HP) [potion of mutation]
  2385 | D:9      | Lost mutation: Your spells are a little easier to cast, but a little less powerful. [potion of mutation]
  2385 | D:9      | Gained mutation: You have a pair of small horns on your head. [potion of mutation]
  2385 | D:9      | Gained mutation: Your system is resistant to poisons. (rPois) [potion of mutation]
  2393 | D:9      | Noticed a polar bear
  2436 | D:9      | Noticed a polar bear
  2476 | D:9      | Noticed a polar bear
  2483 | D:9      | Noticed a death yak
  2507 | D:9      | Found the +7 Singing Sword
  2513 | D:9      | Reached ** piety under Cheibriados
  2556 | D:9      | Reached skill level 5 in Invocations
  2660 | D:10     | Entered Level 10 of the Dungeon
  2673 | D:10     | Noticed a wizard
  2716 | D:10     | Noticed a gargoyle
  2767 | D:10     | Noticed a two-headed ogre
  2773 | D:10     | Noticed a tengu warrior
  2780 | D:10     | Reached skill level 7 in Spellcasting
  2780 | D:10     | Reached XP level 10. HP: 47/73 MP: 14/20
  2785 | D:10     | Killed a two-headed ogre
  2785 | D:10     | Reached skill level 5 in Fighting
  2785 | D:10     | Reached skill level 5 in Short Blades
  2785 | D:10     | Reached skill level 5 in Long Blades
  2785 | D:10     | Reached skill level 5 in Axes
  2785 | D:10     | Reached skill level 5 in Maces & Flails
  2785 | D:10     | Reached skill level 5 in Polearms
  2785 | D:10     | Reached skill level 5 in Staves
  2785 | D:10     | Reached skill level 5 in Slings
  2785 | D:10     | Reached skill level 5 in Bows
  2785 | D:10     | Reached skill level 5 in Crossbows
  2785 | D:10     | Reached skill level 5 in Throwing
  2785 | D:10     | Reached skill level 5 in Armour
  2785 | D:10     | Reached skill level 5 in Shields
  2785 | D:10     | Reached skill level 5 in Unarmed Combat
  2785 | D:10     | Reached skill level 4 in Hexes
  2785 | D:10     | Reached skill level 4 in Charms
  2785 | D:10     | Reached skill level 4 in Summonings
  2785 | D:10     | Reached skill level 4 in Necromancy
  2785 | D:10     | Reached skill level 4 in Translocations
  2785 | D:10     | Reached skill level 4 in Transmutations
  2785 | D:10     | Reached skill level 4 in Fire Magic
  2785 | D:10     | Reached skill level 4 in Ice Magic
  2785 | D:10     | Reached skill level 4 in Earth Magic
  2785 | D:10     | Reached skill level 4 in Poison Magic
  2785 | D:10     | Reached skill level 5 in Evocations
  2795 | D:10     | Noticed a two-headed ogre
  2805 | D:10     | Killed a two-headed ogre
  2805 | D:10     | Reached skill level 7 in Dodging
  2805 | D:10     | Reached skill level 7 in Air Magic
  2823 | D:10     | HP: 5/74 [wyvern (14)]
  2828 | D:10     | Reached skill level 5 in Conjurations
  2829 | D:10     | Noticed a cyclops
  2830 | D:10     | HP: 2/74 [cyclops (1)]
  2959 | D:10     | Reached skill level 6 in Invocations
  2966 | D:10     | Reached skill level 7 in Stealth
  3001 | D:10     | HP: 4/74 [wight/enchanted trident (5)]
  3002 | D:10     | Quit the game

Skill      XL: |  1  2  3  4  5  6  7  8  9 10 |
---------------+-------------------------------+-----
Conjurations   | 2 3 4 5 |  5.1
Spellcasting   | 5 6 7 |  7.6
Invocations    | 1 2 3 4 5 6 |  6.1
Fighting       | 1 2 3 4 5 |  5.5
Short Blades   | 1 2 3 4 5 |  5.5
Long Blades    | 1 2 3 4 5 |  5.5
Axes           | 1 2 3 4 5 |  5.5
Maces & Flails | 1 2 3 4 5 |  5.5
Polearms       | 1 2 3 4 5 |  5.5
Staves         | 1 2 3 4 5 |  5.5
Slings         | 1 2 3 4 5 |  5.5
Bows           | 1 2 3 4 5 |  5.5
Crossbows      | 1 2 3 4 5 |  5.5
Throwing       | 1 2 3 4 5 |  5.5
Armour         | 1 2 3 4 5 |  5.5
Shields        | 1 2 3 4 5 |  5.5
Unarmed Combat | 1 2 3 4 5 |  5.5
Evocations     | 1 2 3 4 5 |  5.5
Hexes          | 1 2 3 4 |  4.6
Charms         | 1 2 3 4 |  4.6
Summonings     | 1 2 3 4 |  4.6
Necromancy     | 1 2 3 4 |  4.6
Translocations | 1 2 3 4 |  4.6
Transmutations | 1 2 3 4 |  4.6
Fire Magic     | 1 2 3 4 |  4.6
Ice Magic      | 1 2 3 4 |  4.6
Earth Magic    | 1 2 3 4 |  4.6
Poison Magic   | 1 2 3 4 |  4.6
Dodging        | 5 6 7 |  7.3
Stealth        | 5 6 7 |  7.0
Air Magic      | 6 7 |  7.2

Action                   |  1- 3 |  4- 6 |  7- 9 | 10-12 || total
-------------------------+-------+-------+-------+-------++-------
Melee: Dagger            |     4 |     8 |     8 |       ||    20
       Bite              |       |     1 |     8 |    11 ||    20
       Short sword       |       |       |    29 |       ||    29
       Whip              |       |       |    50 |       ||    50
       Double sword      |       |       |    20 |    67 ||    87
       Headbutt          |       |       |     7 |    17 ||    24
 Cast: Shock             |    44 |    36 |    87 |     5 ||   172
       Swiftness         |       |     1 |       |       ||     1
       Static Discharge  |       |       |     6 |       ||     6
       Airstrike         |       |       |     7 |     1 ||     8
Invok: Bend Time         |       |       |     5 |     8 ||    13
  Use: Scroll            |       |     8 |    10 |     1 ||    19
       Potion            |       |       |     9 |     2 ||    11
 Stab: Sleeping          |     1 |     3 |    12 |       ||    16
       Distracted        |     1 |       |       |       ||     1
  Eat: Chunk             |       |       |     2 |       ||     2
       Ration            |       |       |     1 |     1 ||     2
Armor: Robe              |     3 |     2 |    17 |       ||    22
       Skin              |       |       |     5 |       ||     5
       Ring mail         |       |       |     3 |    26 ||    29
Dodge: Dodged            |    23 |    29 |   123 |    49 ||   224
Block: Buckler           |       |       |    42 |    21 ||    63
       Rpst.: Double sword |       |       |     3 |    12 ||    15

Table legend:
 A = Turns spent in this place as a percentage of turns spent in the entire game.
 B = Non-inter-level travel turns spent in this place as a percentage of non-inter-level travel turns spent in the entire game.
 C = Inter-level travel turns spent in this place as a percentage of turns spent in this place.
 D = Turns resting spent in this place as a percentage of non-inter-level travel turns spent in this place.
 E = Turns spent auto-exploring this place as a percentage of non-inter-level travel turns spent in this place.
 F = Non-inter-level travel turns spent in this place divided by the number of levels of this place that you've seen.
                   A       B       C       D       E      F
               +-------+-------+-------+-------+-------+----------------------
         Total | 100.0 | 100.0 |   3.8 |   0.0 |   0.0 | 262.6
       Dungeon |  99.5 |  99.4 |   3.8 |   0.0 |   0.0 | 287.3
        Temple |   0.5 |   0.6 |   0.0 |   0.0 |   0.0 |  16.0
               +-------+-------+-------+-------+-------+----------------------

Table legend:
 A = Kills in this place as a percentage of kills in entire the game.
 B = Kills by you in this place as a percentage of kills by you in the entire game.
 C = Kills by friends in this place as a percentage of kills by friends in the entire game.
 D = Other kills in this place as a percentage of other kills in the entire game.
 E = Experience gained in this place as a percentage of experience gained in the entire game.
 F = Experience gained in this place divided by the number of levels of this place that you have seen.
                   A       B       C       D       E      F
               +-------+-------+-------+-------+-------+----------------------
         Total | 100.0 | 100.0 |   N/A |   N/A | 100.0 | 784.4
       Dungeon | 100.0 | 100.0 |   N/A |   N/A | 100.0 | 862.8
               +-------+-------+-------+-------+-------+----------------------

Vault maps used:
D:1:      dpeg_arrival_refuge, moated_statue
D:2:      overflow_temple_1_default, first_ration, minmay_misc_feat_rows,
          minmay_misc_feat_diagonals, columned_hall_lemuel,
          grunt_decor_resistance, uniq_terence
D:3:      tgw_trog, nemelex_diamond_rough_becter, uniq_grinder, uniq_jessica
D:4:      nemelex_xobeh_ov_fountains_minmay, lemuel_round_altar,
          temple_doors_cd, uniq_sigmund, uniq_robin, uniq_menkaure
D:6:      minmay_strange_pillars, elyvilon_altar_4
D:7:      overflow_temple_1_default, overflow_temple_1_default,
          makhleb_grotto_becter
D:8:      uniq_maurice, uniq_joseph
D:9:      marbit_many_paths, serial_ice, serial_ice_f, serial_ice_h,
          serial_ice_c, serial_ice_k, serial_ice_e, serial_ice_a, serial_ice_g,
          serial_ice_b, serial_ice_o, serial_ice_m, special_room
D:10:     minmay_the_grid_octo_tiled_squarecenter, erik_orc_1, serial_shops,
          kennysheep_little_box, shop, grunt_pizzeria
Temple:   cyrus_circular_temple
